 Dungeon Crawl Stone Soup version 0.29.1-12-g30fa7ad0bf (webtiles) character file.

Game seed: 11326687367573940112

487 styxcanada the Covered (level 6, -3/56 HPs)
             Began as a Minotaur Fighter on Dec 26, 2022.
             Slain by a gnoll sergeant
             ... wielding a +2 spear of venom
              (7 damage)
             ... on level 5 of the Dungeon.
             The game lasted 00:11:04 (3117 turns).

styxcanada the Covered (Minotaur Fighter)           Turns: 3117, Time: 00:11:05

Health: -3/56      AC: 13    Str: 22    XL:     6   Next: 89%
Magic:  5/5        EV:  8    Int:  5    God:
Gold:   171        SH:  0    Dex: 10    Spells: 5/5 levels left

rFire   . . .      SeeInvis .   a - +0 war axe
rCold   . . .      Faith    .   c - +0 buckler
rNeg    . . .      Spirit   .   f - +0 chain mail
rPois   .          Reflect  .   (helmet restricted)
rElec   .          Harm     .   (no cloak)
rCorr   .          Rampage  .   (no gloves)
Will    .....                   n - +2 pair of boots
Stlth   ..........              (no amulet)
HPRegen 0.18/turn               (no ring)
MPRegen 0.09/turn               (no ring)

@: confused, lethally poisoned (-3 -> -23), ambrosia-drunk
A: horns 2, retaliatory headbutt
a: no special abilities


You were on level 5 of the Dungeon.
You visited 1 branch of the dungeon, and saw 5 of its levels.

You collected 171 gold pieces.

Inventory:

Hand Weapons
 a - a +0 war axe (weapon)
 g - a +0 mace
Missiles
 b - 4 poisoned darts (quivered)
 e - 4 silver boomerangs
 l - a javelin
Armour
 c - a +0 buckler (worn)
 f - a +0 chain mail (worn)
 n - a +2 pair of boots (worn)
Scrolls
 i - a scroll of immolation
 p - a scroll of enchant weapon {unknown}
Potions
 h - a potion of lignification
 k - 2 potions of degeneration {unknown}
 m - 2 potions of brilliance {unknown}
 o - 2 potions of heal wounds {unknown}


   Skills:
 * Level 5.0 Fighting
 + Level 5.0 Axes
 + Level 1.4 Throwing
 * Level 6.2 Armour
 + Level 1.5 Dodging
 + Level 4.6 Shields


You had 5 spell levels left.
You didn't know any spells.
Your spell library contained the following spells:

 Spells                   Type           Power      Damage    Failure   Level
 Summon Small Mammal      Summ           0%         N/A       99%         1
 Call Canine Familiar     Summ           0%         N/A       100%        3
 Summon Guardian Golem    Hex/Summ       0%         N/A       100%        3


Dungeon Overview and Level Annotations

Branches:
Dungeon (5/15)
 Temple: D:4-7

Altars:
Hepliaklqana

Annotations:
D:4 1 runed translucent door, Barsook's ghost, amateur GrFi


Innate Abilities, Weirdness & Mutations

You have a pair of horns on your head.
You reflexively headbutt those who attack you in melee.


Message History

You feel sick.
The gnoll hits you with a +0 vorpal flail.
The gnoll sergeant hits you with a +2 spear of venom.
You are more poisoned.
The gnoll hits you with a +0 vorpal flail.
The gnoll barely misses you. You furiously retaliate!
You headbutt the gnoll. You block the gnoll sergeant's attack.
You slash the gnoll!
You kill the gnoll!
You hit the gnoll.
You hit the gnoll sergeant but do no damage.
You feel very sick. The gnoll hits you with a +0 club.
The gnoll sergeant barely misses you. You furiously retaliate!
You headbutt the gnoll sergeant, but do no damage.
You closely miss the gnoll sergeant. You headbutt the gnoll sergeant.
The gnoll sergeant is heavily wounded.
You closely miss the gnoll.
You feel very sick. You block the gnoll's attack.
The gnoll sergeant hits you with a +2 spear of venom!
* * * LOW HITPOINT WARNING * * *
You are lethally poisoned!
You are confused.
You feel invigorated.
* * * LOW HITPOINT WARNING * * *
You feel very sick. The gnoll barely misses you.
The gnoll sergeant hits you with a +2 spear of venom!
* * * LOW HITPOINT WARNING * * *
You are more poisoned.
You hit the gnoll sergeant but do no damage.
The gnoll sergeant is heavily wounded.
You miss the gnoll.
* * * LOW HITPOINT WARNING * * *
You feel extremely sick. The gnoll hits you with a +0 club.
* * * LOW HITPOINT WARNING * * *
The gnoll sergeant hits you with a +2 spear of venom!
You die...

# .#
#####.#
###.....#
#.......#
#.<.)##.#
#..#@#
####gg.#
#g#.#
#...# #>#
. #.# ##
#.. #.#


You could see a gnoll sergeant and 2 gnolls.

Vanquished Creatures
  A phantom (D:4)
  A necrophage (D:4)
  A scorpion (D:4)
  A howler monkey (D:4)
  A hound (D:4)
  An orc priest (D:4)
  Jessica (D:2)
  5 adders
  2 gnolls (D:5)
  A worm (D:2)
  4 dart slugs
  11 orcs
  8 endoplasms
  3 giant cockroaches
  5 goblins
  13 hobgoblins
  4 jackals (D:3)
  2 quokkas
  9 ball pythons
  3 bats (D:1)
  A frilled lizard (D:3)
  4 kobolds
  8 rats
90 creatures vanquished.

Notes
Turn   | Place    | Note
-------+----------+-------------------------------------------
     0 | D:1      | styxcanada the Minotaur Fighter began the quest for the
                  | Orb.
     0 | D:1      | Reached XP level 1. HP: 19/19 MP: 0/0
   224 | D:1      | Reached XP level 2. HP: 25/27 MP: 1/1
   360 | D:1      | Reached skill level 4 in Armour
   507 | D:1      | Reached XP level 3. HP: 30/33 MP: 2/2
   757 | D:2      | Found a faded altar of an unknown god.
   814 | D:2      | Noticed Jessica
   821 | D:2      | Killed Jessica
   822 | D:2      | Reached XP level 4. HP: 40/40 MP: 3/3
  2277 | D:4      | Reached skill level 5 in Armour
  2281 | D:4      | Reached XP level 5. HP: 44/47 MP: 4/4
  2287 | D:4      | Reached skill level 1 in Throwing
  2405 | D:4      | Found a runed translucent door.
  2559 | D:4      | Reached XP level 6. HP: 42/53 MP: 5/5
  2560 | D:4      | Reached skill level 6 in Armour
  2781 | D:4      | Reached skill level 1 in Dodging
  2783 | D:4      | Reached skill level 5 in Fighting
  2783 | D:4      | Reached skill level 5 in Axes
  3066 | D:4      | Found a hazy altar of Hepliaklqana.
  3091 | D:4      | Noticed Barsook's ghost (amateur GrFi)
  3106 | D:5      | Entered Level 5 of the Dungeon
  3117 | D:5      | Slain by a gnoll sergeant

Illustrated notes

Levels and vault maps discovered:
D:1:      minmay_arrival_glassed_features, layout_rooms, serial_glass,
          glass_columns_b, glass_columns_a, glass_columns_a, glass_columns_a,
          minmay_misc_feat_tower
D:2:      layout_basic, hellmonk_ecumenical_altar_blasted, uniq_jessica
D:3:      layout_basic
D:4:      layout_basic, kennysheep_little_box, ebering_ghost_reflecting_pool
D:5:      layout_basic, amcnicky_altar_gilded, minmay_temple_entry_nine_rooms,
          hangedman_abyss_or_decor_stagger, lemuel_flamethrower_2

Skill      XL: |  1  2  3  4  5  6 |
---------------+-------------------+-----
Fighting       | 4 5 |  5.0
Armour         | 4 5 6 |  6.2
Shields        | 4 |  4.6
Axes           | 3 4 5 |  5.0
Throwing       | 1 |  1.4
Dodging        | 1 |  1.5

Action                   |  1- 3 |  4- 6 || total
-------------------------+-------+-------++-------
Melee: War axe           |    47 |    88 ||   135
       Headbutt          |     6 |    11 ||    17
Throw: Boomerang         |    21 |    12 ||    33
       Javelin           |       |     8 ||     8
       Dart              |       |     5 ||     5
  Use: Scroll            |       |     3 ||     3
       Potion            |       |     2 ||     2
Armor: Chain mail        |    19 |    50 ||    69
Dodge: Dodged            |    15 |    35 ||    50
Block: Buckler           |    14 |    19 ||    33
